 Dungeon Crawl Stone Soup version 0.17-a0-1678-g710b578 (webtiles) character file.

555 Leibowitz the Cutter (level 7, 0/44 HPs)
             Began as a Kobold Fighter on Aug 19, 2015.
             Slain by a wyvern skeleton (14 damage)
             ... on level 4 of the Dungeon.
             The game lasted 00:11:05 (3360 turns).

Leibowitz the Cutter (Kobold Fighter)               Turns: 3360, Time: 00:11:05

Health: 0/44       AC:  5    Str: 14    XL:     7   Next: 56%
Magic:  7/7        EV: 16    Int:  6    God:
Gold:   269        SH:  6    Dex: 18    Spells: 0 memorised, 6 levels left

rFire  . . .     SeeInvis .     a - +0 short sword (venom)
rCold  . . .     Clarity  .     p - +2 robe {MR+}
rNeg   . . .     SustAt   .     e - +0 buckler
rPois  .         Gourm    .     n - +0 helmet
rElec  .         Spirit   .     (no cloak)
rCorr  .         Warding  .     (no gloves)
rMut   .         Stasis   .     (no boots)
MR     +....                    (no amulet)
Stlth  +++.......               (no ring)
                                (no ring)

@: somewhat resistant to hostile enchantments, fairly stealthy
A: carnivore 3
a: no special abilities


You were on level 4 of the Dungeon.
You were very full.

You visited 1 branch of the dungeon, and saw 4 of its levels.

You collected 269 gold pieces.

Inventory:

Hand weapons
 a - a +0 short sword of venom (weapon)
 i - a +0 rapier
Armour
 e - a +0 buckler (worn)
 n - a +0 helmet (worn)
 p - a +2 robe of magic resistance (worn)
Scrolls
 b - 3 scrolls of noise
 c - 3 scrolls of remove curse {unknown}
 g - 4 scrolls of identify {unknown}
 k - a scroll of blinking {unknown}
 l - 2 scrolls of teleportation {unknown}
 m - a scroll of amnesia {unknown}
Potions
 d - 2 potions of might
 h - a potion of agility
 o - a potion of flight
 q - a potion of invisibility
Comestibles
 f - 3 meat rations
 j - 2 slices of pizza


   Skills:
 * Level 4.6 Fighting
 * Level 4.8 Short Blades
 + Level 3.4 Armour
 * Level 3.6 Dodging
 * Level 4.4 Stealth
 * Level 3.3 Shields


You had 6 spell levels left.
You didn't know any spells.

Dungeon Overview and Level Annotations

Branches:
Dungeon (4/15)
 Temple: D:4-7

Altars:
Makhleb

Shops:
D:4 ?(*


Innate Abilities, Weirdness & Mutations

You are small and have problems with some larger weapons.
You are carnivorous and can eat meat at any time.


Message History

You hit the wyvern skeleton. The wyvern skeleton closely misses you.
You hit the wyvern skeleton. You block the wyvern skeleton's attack.
The wyvern skeleton completely misses you.
You hit the wyvern skeleton. The wyvern skeleton misses you.
You hit the wyvern skeleton. The wyvern skeleton bites you!
You barely miss the wyvern skeleton. You block the wyvern skeleton's attack.
You hit the wyvern skeleton. You block the wyvern skeleton's attack.
You hit the wyvern skeleton. The wyvern skeleton closely misses you.
You hit the wyvern skeleton. You block the wyvern skeleton's attack.
The wyvern skeleton misses you.
You hit the wyvern skeleton. The wyvern skeleton closely misses you.
You hit the wyvern skeleton but do no damage.
The wyvern skeleton barely misses you.
You hit the wyvern skeleton but do no damage.
The wyvern skeleton bites you!
You hit the wyvern skeleton. The wyvern skeleton bites you.
You hit the wyvern skeleton. The wyvern skeleton closely misses you.
You hit the wyvern skeleton. You block the wyvern skeleton's attack.
The wyvern skeleton bites you!
You die...

###############..#.####.# #.#
########.# #..#.# #.# #.#
.........# #..#.# #.# #.#
...#.###.######..#.# #.# #.#
...#.........##..#.# #.# #.#
#..#.........##..#.####.###.#####
.............##..................
...............Z...........>#####
#..#...)........@.....#.#####
#..#.###...........##.#.#
#.........######...<....#
#.##.#.##.######...##.###
:....#.............##.#
#.#..#.##.######......#
#.#..#.##.#......#.####
..#..#.##.#.####.#.#
###..#.##...####.#.#


You could see a wyvern skeleton.

Vanquished Creatures
  Sigmund (D:3)
  2 ogres (D:4)
  An iguana (D:4)
  2 worker ants
  A hound skeleton (D:4)
  Robin (D:3)
  3 adders
  2 oozes (D:1)
  3 worms (D:2)
  5 giant geckos
  3 orcs
  3 giant cockroaches
  15 goblins
  10 hobgoblins
  7 jackals (D:2)
  10 kobolds
  2 quokkas
  8 bats
  A giant gecko skeleton (D:4)
  3 giant newts
  7 rats
90 creatures vanquished.

Notes
Turn   | Place    | Note
--------------------------------------------------------------
     0 | D:1      | Leibowitz the Kobold Fighter began the quest for the Orb.
     0 | D:1      | Reached XP level 1. HP: 14/14 MP: 1/1
    20 | D:1      | Reached skill level 1 in Dodging
    20 | D:1      | Reached XP level 2. HP: 14/19 MP: 2/2
   217 | D:1      | Reached XP level 3. HP: 21/24 MP: 3/3
   453 | D:1      | Reached skill level 4 in Fighting
   738 | D:2      | Reached skill level 1 in Stealth
   963 | D:2      | Reached XP level 4. HP: 29/29 MP: 4/4
  1837 | D:3      | Noticed Robin
  1840 | D:3      | Reached XP level 5. HP: 31/33 MP: 5/5
  1864 | D:3      | Killed Robin
  1987 | D:3      | Noticed Sigmund
  1998 | D:3      | Killed Sigmund
  1998 | D:3      | Reached XP level 6. HP: 19/39 MP: 6/6
  2626 | D:4      | Reached XP level 7. HP: 44/44 MP: 7/7
  2668 | D:4      | Found Gufaiwk's General Store.
  2884 | D:4      | Found Cagekk's Magic Scroll Boutique.
  3000 | D:4      | Found Zair's Antique Weapon Boutique.
  3081 | D:4      | Found a burning altar of Makhleb.
  3360 | D:4      | Slain by a wyvern skeleton

Vault maps used:
D:1:      roderic_octagonal_star
D:2:      first_bread
D:3:      uniq_sigmund, uniq_robin
D:4:      kennysheep_mini, serial_shops, nicolae_shop_behind_doors,
          kennysheep_little_box, shop

Action                   |  1- 3 |  4- 6 |  7- 9 || total
-------------------------+-------+-------+-------++-------
Melee: Rapier            |    66 |       |       ||    66
       Short sword       |    34 |   133 |    41 ||   208
  Use: Potion            |       |       |     4 ||     4
       Scroll            |       |       |     1 ||     1
 Stab: Sleeping          |       |     5 |     1 ||     6
       Distracted        |       |     1 |     2 ||     3
  Eat: Chunk             |     9 |     5 |     2 ||    16
